Condors vs Moose
(R1)
Created - April 2, 2021 at 20:55
Goals
|
| Condors |
0 |
4 |
2 |
6 |
| Moose |
2 |
0 |
1 |
3 |
|
Shots
|
| Condors |
5 |
18 |
7 |
30 |
| Moose |
18 |
6 |
6 |
30 |
|
1st period
1. Moose , Brendan Perlini 13 (Nikolay Goldobin 7, Troy Stetcher 30) at 10:49
2. Moose , Jordan Martinook 23 (Iiro Pakarinen 42, Cedric Paquette 17) at 13:40 (PP)
Penalties :
Louis Leblanc (Bak) for Interference (Minor) at 6:03, Iiro Pakarinen (Man) for Interference (Minor) at 7:13, Carl Gunnarsson (Bak) for Holding (Minor) at 13:30, Anton Slepyshev (Bak) for Hooking (Minor) at 15:06, Alex Tuch (Bak) for Hooking (Minor) at 0:00
2nd period
3. Condors , Tyler Bozak 35 (Kasperi Kapanen 30, Carl Gunnarsson 35) at 9:47 (PP)
4. Condors , Nail Yakupov 53 (Alex Tuch 31, Carl Gunnarsson 36) at 16:40
5. Condors , Carl Gunnarsson 9 (Stephane Da Costa 10, Nail Yakupov 32) at 18:24 (PP)
6. Condors , Tyler Bozak 36 (Brett Lernout 7, Nail Yakupov 33) at 19:56
Penalties :
Zac Leslie (Bak) for Tripping (Minor) at 4:39, Nicolas Petan (Man) for Hooking (Minor) at 8:18, Josh Bailey (Man) for Holding (Minor) at 9:58, Nicolas Petan (Man) for Tripping (Minor) at 18:11
3rd period
7. Condors , Anton Slepyshev 34 (Zac Leslie 26, Carl Gunnarsson 37) at 9:24 (PP)
8. Moose , Josh Bailey 20 (Nikolaj Ehlers 34, Nicolas Petan 6) at 13:12
9. Condors , Christian Thomas 15 (Louis Leblanc 16, Nail Yakupov 34) at 19:07
Penalties :
Mirco Mueller (Man) for Hooking (Minor) at 1:51, Iiro Pakarinen (Man) for Hooking (Minor) at 5:55, Nicolas Petan (Man) for Cross-checking (Minor) at 8:50
Goalie Stats
Ilya Samsonov (Bak), 27 saves from 30 shots - (0.900), W, 14-12-2, 60:00 minutes
Magnus Hellberg (Man), 24 saves from 30 shots - (0.800), L, 18-10-1, 60:00 minutes
Players Stats for Condors
Player Name G A P +/- PIM S H SB GA TA FO MP PP MP PK MP
------------------------------------------------------------------------------------
Adam Erne 0 0 0 -1 0 2 1 0 0 0 0/0 9:42 0:10 0:00
Alex Tuch 0 1 1 2 2 3 0 0 0 0 0/0 18:30 5:23 0:00
Anton Slepyshev 1 0 1 0 2 1 2 0 0 0 0/0 16:19 4:01 0:00
Brett Lernout 0 1 1 2 0 0 0 0 0 0 0/0 11:17 0:00 4:32
C.J Suess 0 0 0 -2 0 1 0 0 1 0 0/0 7:47 0:00 0:00
Caleb Jones 0 0 0 2 0 0 0 1 0 0 0/0 6:34 0:00 0:00
Carl Gunnarsson 1 3 4 1 2 3 1 0 0 1 0/0 25:55 5:40 2:46
Chris Bigras 0 0 0 0 0 2 3 0 0 0 0/0 18:51 3:43 2:46
Christian Thomas 1 0 1 1 0 3 1 0 0 1 0/0 10:21 0:09 0:53
Connor Hurley 0 0 0 -2 0 0 0 0 0 0 0/0 7:47 0:00 0:00
Daniel Zaar 0 0 0 0 0 3 2 0 0 0 0/1 10:28 0:00 2:08
Eric Gustafsson 0 0 0 1 0 0 1 0 2 1 0/0 25:28 3:29 3:58
Erik Cernak 0 0 0 -2 0 0 0 0 0 1 0/0 6:57 0:00 0:00
Gustav Olofsson 0 0 0 -2 0 0 0 0 0 0 0/0 7:41 0:00 0:34
Kasperi Kapanen 0 1 1 0 0 2 3 1 2 0 0/0 15:56 3:50 0:00
Louis Leblanc 0 1 1 1 2 0 2 0 0 0 4/9 13:39 0:33 3:20
Nail Yakupov 1 3 4 2 0 4 2 1 0 0 2/4 22:21 5:00 4:17
Stephane Da Costa 0 1 1 0 0 0 1 4 1 0 9/20 18:36 5:13 1:09
Tyler Bozak 2 0 2 2 0 4 0 2 2 2 9/23 20:20 3:50 2:49
Zac Leslie 0 1 1 0 2 2 0 0 0 0 0/0 17:20 5:54 0:00
Players Stats for Moose
Player Name G A P +/- PIM S H SB GA TA FO MP PP MP PK MP
------------------------------------------------------------------------------------
Alexandre Carrier 0 0 0 0 0 0 0 0 0 0 0/0 13:49 0:00 0:46
Brendan Perlini 1 0 1 0 0 2 0 0 1 1 1/1 7:52 0:00 0:25
Cedric Paquette 0 1 1 -2 0 1 2 0 0 2 19/31 18:22 3:53 1:31
Dominik Kahun 0 0 0 0 0 0 1 0 0 0 2/3 11:58 0:00 2:16
Frank Vatrano 0 0 0 0 0 1 4 1 0 0 0/0 12:08 0:00 2:05
Iiro Pakarinen 0 1 1 -2 4 4 2 1 1 0 1/2 20:39 4:05 3:42
Jordan Martinook 1 0 1 -2 0 6 0 1 0 0 5/11 22:36 4:06 4:59
Josh Bailey 1 0 1 1 2 6 2 0 0 0 0/0 17:10 3:10 1:27
Ludwig Bystrom 0 0 0 0 0 3 1 0 0 2 0/0 18:52 2:41 4:09
Matthew Benning 0 0 0 0 0 0 0 0 0 0 0/0 13:17 0:00 0:14
Mirco Mueller 0 0 0 -1 2 1 2 1 0 1 0/0 27:03 4:37 4:10
Mitchell Stephens 0 0 0 0 0 0 1 0 0 0 2/4 7:25 0:00 0:00
Nathan Walker 0 0 0 0 0 2 0 0 0 0 0/0 11:00 0:17 0:08
Nicolas Petan 0 1 1 1 6 0 0 0 0 0 2/3 15:09 3:10 0:00
Nikolaj Ehlers 0 1 1 1 0 2 3 0 1 0 1/1 17:25 3:10 2:13
Nikolay Goldobin 0 1 1 0 0 1 2 0 1 0 0/1 7:55 0:02 0:00
Troy Stetcher 0 1 1 -1 0 1 0 1 1 0 0/0 27:51 4:37 5:00
Vladislav Gavrikov 0 0 0 0 0 0 2 0 1 2 0/0 19:10 2:41 4:27
3 Stars
1 - Nail Yakupov (Bak)
2 - Tyler Bozak (Bak)
3 - Carl Gunnarsson (Bak)
Power Play
Condors - 3 on 7 Attempt(s) - 42.86%
Moose - 1 on 5 Attempt(s) - 20.00%
Penalty Kill
Condors - 4 on 5 Attempt(s) - 80.00%
- Score 0 goal in Penalty Kill
Moose - 4 on 7 Attempt(s) - 57.14%
- Score 0 goal in Penalty Kill
Team Stat
Condors - Hits : 19 - Faceoff Wins : 24 - Blocked Shots : 9 - Penalty Minutes : 10
Moose - Hits : 22 - Faceoff Wins : 33 - Blocked Shots : 5 - Penalty Minutes : 14
Official
Referees : Unknown
Linesman : Unknown
Game Notes
No Game Note
Finance
Level 1 -- Attendance: 1960 (98.00%) -- Ticket Income $49,000
Level 2 -- Attendance: 1000 (100.00%) -- Ticket Income $13,000
Total Attendance: 2960 (98.67%)
Total Ticket Income: $62,000
Other Income: $3,100
Total Income: $65,100
Condors
5 vs 5 Forward
Center Left Wing Right Wing Time % Phy DF OF
1 Tyler Bozak Alex Tuch Nail Yakupov 40 1 2 2
2 Stephane Da Costa Anton Slepyshev Kasperi Kapanen 30 1 2 2
3 Louis Leblanc Christian Thomas Daniel Zaar 20 1 2 2
4 Connor Hurley C.J Suess Adam Erne 10 1 2 2
5 vs 5 Defense
Defense Defense Time % Phy DF OF
1 Carl Gunnarsson Eric Gustafsson 40 1 2 2
2 Zac Leslie Chris Bigras 30 1 2 2
3 Caleb Jones Brett Lernout 20 1 2 2
4 Gustav Olofsson Erik Cernak 10 1 2 2
PowerPlay Forward
Center Left Wing Right Wing Time % Phy DF OF
1 Stephane Da Costa Alex Tuch Nail Yakupov 60 1 2 2
2 Tyler Bozak Anton Slepyshev Kasperi Kapanen 40 1 2 2
PowerPlay Defense
Defense Defense Time % Phy DF OF
1 Carl Gunnarsson Zac Leslie 60 1 2 2
2 Chris Bigras Eric Gustafsson 40 1 2 2
Penalty Kill 4 Players Forward
Center Wing Time % Phy DF OF
1 Louis Leblanc Nail Yakupov 60 1 2 2
2 Tyler Bozak Daniel Zaar 40 1 2 2
Penalty Kill 4 Players Defense
Defense Defense Time % Phy DF OF
1 Brett Lernout Eric Gustafsson 60 1 2 2
2 Carl Gunnarsson Chris Bigras 40 1 2 2
Penalty Kill - 3 Players Forward
Forward Time % Phy DF OF
1 Tyler Bozak 60 1 2 2
2 Nail Yakupov 40 1 2 2
Penalty Kill - 3 Players Defense
Defense Defense Time % Phy DF OF
1 Carl Gunnarsson Eric Gustafsson 60 1 2 2
2 Zac Leslie Erik Cernak 40 1 2 2
4 vs 4 Forward
Center Wing Time % Phy DF OF
1 Tyler Bozak Nail Yakupov 60 1 2 2
2 Louis Leblanc Anton Slepyshev 40 1 2 2
4 vs 4 Defense
Defense Defense Time % Phy DF OF
1 Carl Gunnarsson Eric Gustafsson 60 1 2 2
2 Zac Leslie Chris Bigras 40 1 2 2
Last Minutes Offensive
Center Left Wing Right Wing Defense Defense
Tyler Bozak Anton Slepyshev Nail Yakupov Carl Gunnarsson Eric Gustafsson
Last Minutes Defensive
Center Left Wing Right Wing Defense Defense
Tyler Bozak Anton Slepyshev Nail Yakupov Carl Gunnarsson Eric Gustafsson
Goaltenders
Starting : Ilya Samsonov
Backup : Mark Visentin
Extra Forwards
Normal : Louis Leblanc, Alex Tuch, Tyler Bozak - PP : Louis Leblanc, Alex Tuch - PK : Tyler Bozak
Extra Defensemen
Normal : Erik Cernak, Brett Lernout, Gustav Olofsson - PP : Erik Cernak - PK : Brett Lernout, Gustav Olofsson
Penalty Shots
Daniel Zaar, Louis Leblanc, Tyler Bozak, Alex Tuch, Anton Slepyshev
Scratches
Mark Jankowski (Fractured Right Foot Injury), Emil Djuse (Healthy), Nick Merkley (Healthy), Cole Cassels (Healthy), Jordan Subban (Healthy)
Jeremy Gregoire (Healthy), Remi Elie (Healthy), Brett Ritchie (Healthy), Frederik Gauthier (Bruised Left Arm Injury), Anders Bjork (Healthy)
Hunter Smith (Healthy), Jack Campbell (Healthy)
Moose
5 vs 5 Forward
Center Left Wing Right Wing Time % Phy DF OF
1 Cedric Paquette Jordan Martinook Iiro Pakarinen 40 1 2 2
2 Nicolas Petan Nikolaj Ehlers Josh Bailey 30 1 2 2
3 Dominik Kahun Nathan Walker Frank Vatrano 20 1 2 2
4 Mitchell Stephens Brendan Perlini Nikolay Goldobin 10 1 2 2
5 vs 5 Defense
Defense Defense Time % Phy DF OF
1 Troy Stetcher Mirco Mueller 40 1 2 2
2 Ludwig Bystrom Vladislav Gavrikov 30 1 2 2
3 Matthew Benning Alexandre Carrier 20 1 2 2
4 Troy Stetcher Mirco Mueller 10 1 2 2
PowerPlay Forward
Center Left Wing Right Wing Time % Phy DF OF
1 Cedric Paquette Jordan Martinook Iiro Pakarinen 60 1 2 2
2 Nicolas Petan Nikolaj Ehlers Josh Bailey 40 1 2 2
PowerPlay Defense
Defense Defense Time % Phy DF OF
1 Troy Stetcher Mirco Mueller 60 1 2 2
2 Ludwig Bystrom Vladislav Gavrikov 40 1 2 2
Penalty Kill 4 Players Forward
Center Wing Time % Phy DF OF
1 Jordan Martinook Iiro Pakarinen 60 1 2 2
2 Josh Bailey Frank Vatrano 40 1 2 2
Penalty Kill 4 Players Defense
Defense Defense Time % Phy DF OF
1 Troy Stetcher Mirco Mueller 60 1 2 2
2 Ludwig Bystrom Vladislav Gavrikov 40 1 2 2
Penalty Kill - 3 Players Forward
Forward Time % Phy DF OF
1 Jordan Martinook 60 1 2 2
2 Iiro Pakarinen 40 1 2 2
Penalty Kill - 3 Players Defense
Defense Defense Time % Phy DF OF
1 Troy Stetcher Mirco Mueller 60 1 2 2
2 Ludwig Bystrom Vladislav Gavrikov 40 1 2 2
4 vs 4 Forward
Center Wing Time % Phy DF OF
1 Jordan Martinook Iiro Pakarinen 60 1 2 2
2 Josh Bailey Frank Vatrano 40 1 2 2
4 vs 4 Defense
Defense Defense Time % Phy DF OF
1 Troy Stetcher Mirco Mueller 60 1 2 2
2 Ludwig Bystrom Vladislav Gavrikov 40 1 2 2
Last Minutes Offensive
Center Left Wing Right Wing Defense Defense
Cedric Paquette Jordan Martinook Iiro Pakarinen Troy Stetcher Mirco Mueller
Last Minutes Defensive
Center Left Wing Right Wing Defense Defense
Cedric Paquette Jordan Martinook Iiro Pakarinen Troy Stetcher Mirco Mueller
Goaltenders
Starting : Magnus Hellberg
Backup : Joey Daccord
Extra Forwards
Normal : Nathan Walker, Nikolay Goldobin, Dominik Kahun - PP : Nathan Walker, Nikolay Goldobin - PK : Dominik Kahun
Extra Defensemen
Normal : Matthew Benning, Alexandre Carrier, Ludwig Bystrom - PP : Matthew Benning - PK : Alexandre Carrier, Ludwig Bystrom
Penalty Shots
Jordan Martinook, Iiro Pakarinen, Josh Bailey, Frank Vatrano, Nikolaj Ehlers
Scratches
John Marino (Healthy), Nicklas Jensen (Healthy), Jeremy Bracco (Healthy), Colin White (Healthy), Sami Niku (Healthy)
David Kase (Healthy), Jansen Harkins (Healthy), Dwight King (Healthy), John Hayden (Healthy), Mackenzie MacEachern (Healthy)
Jesse Graham (Healthy), Jayce Hawryluk (Healthy), Oskar Lindblom (Healthy), Ryan Collins (Healthy), William Lagesson (Healthy)
Philippe Desrosiers (Healthy)
% Time on Ice - Condors
Lines # - Real PCT - Wanted PCT - Time Play
Normal Forward
1 - 31% - 40% - 13:23
2 - 32% - 30% - 13:24
3 - 19% - 20% - 7:56
4 - 18% - 10% - 7:47
Normal Defense
1 - 39% - 40% - 16:47
2 - 29% - 30% - 12:12
3 - 15% - 20% - 6:34
4 - 16% - 10% - 6:57
PP Forward
1 - 56% - 60% - 5:16
2 - 44% - 40% - 4:07
PP Defense
1 - 60% - 60% - 5:40
2 - 40% - 40% - 3:43
PK Forward
1 - 71% - 60% - 5:10
2 - 29% - 40% - 2:08
PK Defense
1 - 62% - 60% - 4:32
2 - 38% - 40% - 2:46
PK3 Forward
1 - 0% - 60%
2 - 0% - 40%
PK3 Defense
1 - 0% - 60%
2 - 0% - 40%
44 Forward
1 - 76% - 60% - 0:37
2 - 24% - 40% - 0:12
44 Defense
1 - 80% - 60% - 0:39
2 - 20% - 40% - 0:10
Last Minute Offensive - 0:00
Last Minute Defensive - 0:00
Total
Forward - 60:00
Defense - 60:00
|
% Time on Ice - Moose
Lines # - Real PCT - Wanted PCT - Time Play
Normal Forward
1 - 31% - 40% - 13:00
2 - 30% - 30% - 12:56
3 - 22% - 20% - 9:09
4 - 17% - 10% - 7:25
Normal Defense
1 - 39% - 40% - 16:46
2 - 28% - 30% - 11:48
3 - 31% - 20% - 13:03
4 - 2% - 10% - 0:53
PP Forward
1 - 57% - 60% - 4:08
2 - 43% - 40% - 3:10
PP Defense
1 - 63% - 60% - 4:37
2 - 37% - 40% - 2:41
PK Forward
1 - 78% - 60% - 7:18
2 - 22% - 40% - 2:05
PK Defense
1 - 58% - 60% - 5:24
2 - 42% - 40% - 3:59
PK3 Forward
1 - 0% - 60%
2 - 0% - 40%
PK3 Defense
1 - 0% - 60%
2 - 0% - 40%
44 Forward
1 - 100% - 60% - 0:49
2 - 0% - 40% - 0:00
44 Defense
1 - 78% - 60% - 0:38
2 - 22% - 40% - 0:11
Last Minute Offensive - 0:00
Last Minute Defensive - 0:00
Total
Forward - 60:00
Defense - 60:00
|
Play-by-Play
1st period
0:01 of 1st period - Cedric Paquette wins face-off versus Tyler Bozak in neutral zone.
0:06 of 1st period - Eric Gustafsson is hit by Iiro Pakarinen and loses puck.
0:46 of 1st period - Mirco Mueller is hit by Kasperi Kapanen and loses puck.
1:17 of 1st period - Wrist shot by Kasperi Kapanen.
1:17 of 1st period - Shot Misses the Net.
1:48 of 1st period - Snap shot by Nikolaj Ehlers.
1:48 of 1st period - Stopped by Ilya Samsonov without a rebound.
1:49 of 1st period - Cedric Paquette wins face-off versus Tyler Bozak in Condors zone.
2:00 of 1st period - Backhand shot by Iiro Pakarinen.
2:00 of 1st period - Shot Blocked by Caleb Jones.
2:02 of 1st period - Wrist shot by Jordan Martinook.
2:02 of 1st period - Deflect By Iiro Pakarinen.
2:02 of 1st period - Stopped by Ilya Samsonov with a rebound.
2:04 of 1st period - Snap shot by Ludwig Bystrom.
2:04 of 1st period - Shot Misses the Net.
2:16 of 1st period - Ludwig Bystrom is hit by Louis Leblanc.
2:42 of 1st period - Snap shot by C.J Suess.
2:42 of 1st period - Stopped by Magnus Hellberg without a rebound.
2:43 of 1st period - Tyler Bozak wins face-off versus Cedric Paquette in Moose zone.
2:56 of 1st period - Snap shot by Tyler Bozak.
2:56 of 1st period - Stopped by Magnus Hellberg with a rebound.
5:17 of 1st period - Nathan Walker is hit by Chris Bigras and loses puck.
5:46 of 1st period - Tyler Bozak is hit by Nikolaj Ehlers and loses puck.
6:03 of 1st period - Minor Penalty to Louis Leblanc for Interference.
6:04 of 1st period - Nail Yakupov wins face-off versus Cedric Paquette in Condors zone.
6:15 of 1st period - Wrist shot by Iiro Pakarinen.
6:15 of 1st period - Shot Blocked by Tyler Bozak.
6:17 of 1st period - Wrist shot by Jordan Martinook.
6:17 of 1st period - Stopped by Ilya Samsonov without a rebound.
6:18 of 1st period - Tyler Bozak wins face-off versus Iiro Pakarinen in Condors zone.
7:13 of 1st period - Minor Penalty to Iiro Pakarinen for Interference.
7:14 of 1st period - Jordan Martinook wins face-off versus Tyler Bozak in Moose zone.
8:03 of 1st period - Penalty to Louis Leblanc is over, Louis Leblanc is back on ice.
8:55 of 1st period - Eric Gustafsson is hit by Ludwig Bystrom and loses puck.
9:13 of 1st period - Penalty to Iiro Pakarinen is over, Iiro Pakarinen is back on ice.
9:58 of 1st period - Wrist shot by Dominik Kahun.
9:58 of 1st period - Shot Misses the Net.
10:35 of 1st period - Slapshot by Jordan Martinook.
10:35 of 1st period - Stopped by Ilya Samsonov with a rebound.
10:49 of 1st period - Wrist shot by Nikolay Goldobin.
10:49 of 1st period - Deflect By Brendan Perlini.
10:49 of 1st period - Goal by Brendan Perlini - Condors : 0 - Moose : 1.
10:50 of 1st period - Tyler Bozak wins face-off versus Cedric Paquette in neutral zone.
11:15 of 1st period - Carl Gunnarsson is hit by Mirco Mueller and loses puck.
11:22 of 1st period - Backhand shot by Nikolaj Ehlers.
11:22 of 1st period - Stopped by Ilya Samsonov without a rebound.
11:23 of 1st period - Cedric Paquette wins face-off versus Stephane Da Costa in Condors zone.
11:26 of 1st period - Wrist shot by Iiro Pakarinen.
11:26 of 1st period - Shot Misses the Net.
11:28 of 1st period - Snap shot by Iiro Pakarinen.
11:28 of 1st period - Shot Blocked by Kasperi Kapanen.
11:30 of 1st period - Slapshot by Ludwig Bystrom.
11:30 of 1st period - Stopped by Ilya Samsonov with a rebound.
11:32 of 1st period - Snap shot by Iiro Pakarinen.
11:32 of 1st period - Shot Hit the Post.
11:34 of 1st period - Backhand shot by Ludwig Bystrom.
11:34 of 1st period - Stopped by Ilya Samsonov with a rebound.
11:36 of 1st period - Snap shot by Cedric Paquette.
11:36 of 1st period - Stopped by Ilya Samsonov without a rebound.
11:37 of 1st period - Iiro Pakarinen wins face-off versus Tyler Bozak in Condors zone.
11:38 of 1st period - Wrist shot by Jordan Martinook.
11:38 of 1st period - Deflect By Iiro Pakarinen.
11:38 of 1st period - Shot Misses the Net.
11:38 of 1st period - Puck is out of play.
11:39 of 1st period - Nail Yakupov wins face-off versus Cedric Paquette in Condors zone.
11:39 of 1st period - Nail Yakupov is hit by Cedric Paquette.
11:45 of 1st period - Wrist shot by Iiro Pakarinen.
11:45 of 1st period - Shot Misses the Net.
11:47 of 1st period - Snap shot by Jordan Martinook.
11:47 of 1st period - Stopped by Ilya Samsonov with a rebound.
11:49 of 1st period - Snap shot by Jordan Martinook.
11:49 of 1st period - Shot Misses the Net.
11:51 of 1st period - Wrist shot by Iiro Pakarinen.
11:51 of 1st period - Deflect By Jordan Martinook.
11:51 of 1st period - Stopped by Ilya Samsonov with a rebound.
12:11 of 1st period - Wrist shot by Stephane Da Costa.
12:11 of 1st period - Shot Misses the Net.
12:49 of 1st period - Wrist shot by Brendan Perlini.
12:49 of 1st period - Shot Misses the Net.
12:51 of 1st period - Slapshot by Troy Stetcher.
12:51 of 1st period - Stopped by Ilya Samsonov without a rebound.
12:52 of 1st period - Tyler Bozak wins face-off versus Mitchell Stephens in Condors zone.
12:57 of 1st period - Nikolay Goldobin is hit by Nail Yakupov and loses puck.
13:08 of 1st period - Slapshot by Brendan Perlini.
13:08 of 1st period - Stopped by Ilya Samsonov without a rebound.
13:09 of 1st period - Cedric Paquette wins face-off versus Stephane Da Costa in Condors zone.
13:10 of 1st period - Snap shot by Iiro Pakarinen.
13:10 of 1st period - Stopped by Ilya Samsonov with a rebound.
13:30 of 1st period - Minor Penalty to Carl Gunnarsson for Holding.
13:31 of 1st period - Cedric Paquette wins face-off versus Nail Yakupov in Condors zone.
13:40 of 1st period - Wrist shot by Jordan Martinook.
13:40 of 1st period - Goal by Jordan Martinook - Condors : 0 - Moose : 2.
13:41 of 1st period - Cedric Paquette wins face-off versus Tyler Bozak in neutral zone.
13:48 of 1st period - Wrist shot by Jordan Martinook.
13:48 of 1st period - Stopped by Ilya Samsonov with a rebound.
13:56 of 1st period - Slapshot by Jordan Martinook.
13:56 of 1st period - Shot Blocked by Tyler Bozak.
14:16 of 1st period - Slapshot by Josh Bailey.
14:16 of 1st period - Stopped by Ilya Samsonov without a rebound.
14:17 of 1st period - Louis Leblanc wins face-off versus Nicolas Petan in Condors zone.
14:22 of 1st period - Snap shot by Daniel Zaar.
14:22 of 1st period - Stopped by Magnus Hellberg without a rebound.
14:23 of 1st period - Cedric Paquette wins face-off versus Daniel Zaar in Moose zone.
14:34 of 1st period - Off-side.
14:35 of 1st period - Cedric Paquette wins face-off versus Tyler Bozak in neutral zone.
14:40 of 1st period - Snap shot by Iiro Pakarinen.
14:40 of 1st period - Shot Misses the Net.
15:06 of 1st period - Minor Penalty to Anton Slepyshev for Hooking.
15:07 of 1st period - Louis Leblanc wins face-off versus Cedric Paquette in Condors zone.
16:03 of 1st period - Josh Bailey is hit by Louis Leblanc and loses puck.
17:06 of 1st period - Penalty to Anton Slepyshev is over, Anton Slepyshev is back on ice.
17:27 of 1st period - Wrist shot by Nathan Walker.
17:27 of 1st period - Shot Misses the Net.
17:56 of 1st period - Icing by Alexandre Carrier.
17:57 of 1st period - Tyler Bozak wins face-off versus Nikolay Goldobin in Moose zone.
18:11 of 1st period - Icing by Nikolay Goldobin.
18:12 of 1st period - Mitchell Stephens wins face-off versus Stephane Da Costa in Moose zone.
18:25 of 1st period - Slapshot by Brendan Perlini.
18:25 of 1st period - Shot Misses the Net.
18:33 of 1st period - Brendan Perlini is hit by Stephane Da Costa and loses puck.
18:50 of 1st period - Wrist shot by Carl Gunnarsson.
18:50 of 1st period - Shot Misses the Net.
18:52 of 1st period - Snap shot by Eric Gustafsson.
18:52 of 1st period - Deflect By Alex Tuch.
18:52 of 1st period - Stopped by Magnus Hellberg with a rebound.
18:54 of 1st period - Backhand shot by Alex Tuch.
18:54 of 1st period - Shot Blocked by Iiro Pakarinen.
19:13 of 1st period - Wrist shot by Daniel Zaar.
19:13 of 1st period - Stopped by Magnus Hellberg with a rebound.
19:25 of 1st period - Ludwig Bystrom is hit by Adam Erne and loses puck.
19:52 of 1st period - Snap shot by Iiro Pakarinen.
19:52 of 1st period - Stopped by Ilya Samsonov without a rebound.
19:53 of 1st period - Cedric Paquette wins face-off versus Tyler Bozak in Condors zone.
0:00 of 2nd period - Minor Penalty to Alex Tuch for Hooking.
Goals for this period are 0 for Condors vs 2 for Moose.
Shots for this period are 5 for Condors vs 18 for Moose.
2nd period
0:01 of 2nd period - Cedric Paquette wins face-off versus Louis Leblanc in neutral zone.
0:34 of 2nd period - Snap shot by Josh Bailey.
0:34 of 2nd period - Stopped by Ilya Samsonov with a rebound.
1:30 of 2nd period - Nail Yakupov is hit by Cedric Paquette and loses puck.
2:00 of 2nd period - Penalty to Alex Tuch is over, Alex Tuch is back on ice.
2:13 of 2nd period - Tyler Bozak is hit by Nikolay Goldobin and loses puck.
2:23 of 2nd period - Off-side.
2:24 of 2nd period - Stephane Da Costa wins face-off versus Dominik Kahun in neutral zone.
2:31 of 2nd period - Slapshot by Nathan Walker.
2:31 of 2nd period - Shot Blocked by Stephane Da Costa.
2:33 of 2nd period - Snap shot by Nathan Walker.
2:33 of 2nd period - Shot Misses the Net.
2:35 of 2nd period - Wrist shot by Frank Vatrano.
2:35 of 2nd period - Shot Blocked by Stephane Da Costa.
2:37 of 2nd period - Snap shot by Frank Vatrano.
2:37 of 2nd period - Shot Blocked by Stephane Da Costa.
2:58 of 2nd period - C.J Suess is hit by Nikolay Goldobin and loses puck.
3:19 of 2nd period - Jordan Martinook is hit by Anton Slepyshev and loses puck.
3:26 of 2nd period - Snap shot by Jordan Martinook.
3:26 of 2nd period - Deflect By Iiro Pakarinen.
3:26 of 2nd period - Stopped by Ilya Samsonov with a rebound.
4:33 of 2nd period - Snap shot by Jordan Martinook.
4:33 of 2nd period - Shot Misses the Net.
4:39 of 2nd period - Minor Penalty to Zac Leslie for Tripping.
4:40 of 2nd period - Cedric Paquette wins face-off versus Louis Leblanc in Condors zone.
5:05 of 2nd period - Eric Gustafsson is hit by Nikolaj Ehlers and loses puck.
5:10 of 2nd period - Wrist shot by Josh Bailey.
5:10 of 2nd period - Stopped by Ilya Samsonov with a rebound.
5:44 of 2nd period - Troy Stetcher is hit by Daniel Zaar and loses puck.
6:39 of 2nd period - Penalty to Zac Leslie is over, Zac Leslie is back on ice.
7:12 of 2nd period - Icing by Vladislav Gavrikov.
7:13 of 2nd period - Brendan Perlini wins face-off versus Stephane Da Costa in Moose zone.
7:31 of 2nd period - Icing by Alexandre Carrier.
7:32 of 2nd period - Tyler Bozak wins face-off versus Mitchell Stephens in Moose zone.
7:33 of 2nd period - Wrist shot by Nail Yakupov.
7:33 of 2nd period - Stopped by Magnus Hellberg with a rebound.
7:35 of 2nd period - Slapshot by Tyler Bozak.
7:35 of 2nd period - Shot Misses the Net.
7:37 of 2nd period - Wrist shot by Alex Tuch.
7:37 of 2nd period - Stopped by Magnus Hellberg without a rebound.
7:38 of 2nd period - Tyler Bozak wins face-off versus Cedric Paquette in Moose zone.
7:54 of 2nd period - Off-side.
7:55 of 2nd period - Nicolas Petan wins face-off versus Louis Leblanc in neutral zone.
8:02 of 2nd period - Wrist shot by Nikolaj Ehlers.
8:02 of 2nd period - Shot Misses the Net.
8:11 of 2nd period - Eric Gustafsson is hit by Mirco Mueller and loses puck.
8:18 of 2nd period - Minor Penalty to Nicolas Petan for Hooking.
8:19 of 2nd period - Stephane Da Costa wins face-off versus Jordan Martinook in Moose zone.
8:26 of 2nd period - Snap shot by Nail Yakupov.
8:26 of 2nd period - Stopped by Magnus Hellberg without a rebound.
8:27 of 2nd period - Jordan Martinook wins face-off versus Stephane Da Costa in Moose zone.
8:58 of 2nd period - Snap shot by Tyler Bozak.
8:58 of 2nd period - Stopped by Magnus Hellberg without a rebound.
8:59 of 2nd period - Stephane Da Costa wins face-off versus Jordan Martinook in Moose zone.
9:22 of 2nd period - Stephane Da Costa is hit by Josh Bailey and loses puck.
9:29 of 2nd period - Slapshot by Chris Bigras.
9:29 of 2nd period - Shot Blocked by Frank Vatrano.
9:47 of 2nd period - Wrist shot by Kasperi Kapanen.
9:47 of 2nd period - Deflect By Tyler Bozak.
9:47 of 2nd period - Goal by Tyler Bozak - Condors : 1 - Moose : 2.
9:48 of 2nd period - Nicolas Petan wins face-off versus Louis Leblanc in neutral zone.
9:53 of 2nd period - Wrist shot by Josh Bailey.
9:53 of 2nd period - Shot Misses the Net.
9:58 of 2nd period - Minor Penalty to Josh Bailey for Holding.
9:59 of 2nd period - Jordan Martinook wins face-off versus Stephane Da Costa in Moose zone.
10:39 of 2nd period - Frank Vatrano is hit by Kasperi Kapanen and loses puck.
10:52 of 2nd period - Alex Tuch is hit by Iiro Pakarinen and loses puck.
11:58 of 2nd period - Penalty to Josh Bailey is over, Josh Bailey is back on ice.
12:46 of 2nd period - Christian Thomas is hit by Dominik Kahun and loses puck.
15:00 of 2nd period - Snap shot by Nathan Walker.
15:00 of 2nd period - Stopped by Ilya Samsonov without a rebound.
15:01 of 2nd period - Dominik Kahun wins face-off versus Tyler Bozak in Condors zone.
15:10 of 2nd period - Snap shot by Frank Vatrano.
15:10 of 2nd period - Stopped by Ilya Samsonov without a rebound.
15:11 of 2nd period - Cedric Paquette wins face-off versus Nail Yakupov in Condors zone.
15:26 of 2nd period - Wrist shot by Jordan Martinook.
15:26 of 2nd period - Shot Blocked by Nail Yakupov.
15:58 of 2nd period - Snap shot by Nail Yakupov.
15:58 of 2nd period - Shot Misses the Net.
16:00 of 2nd period - Slapshot by Chris Bigras.
16:00 of 2nd period - Deflect By Nikolaj Ehlers.
16:00 of 2nd period - Stopped by Magnus Hellberg with a rebound.
16:02 of 2nd period - Snap shot by Anton Slepyshev.
16:02 of 2nd period - Shot Misses the Net.
16:04 of 2nd period - Wrist shot by Kasperi Kapanen.
16:04 of 2nd period - Shot Misses the Net.
16:06 of 2nd period - Slapshot by Zac Leslie.
16:06 of 2nd period - Deflect By Josh Bailey.
16:06 of 2nd period - Stopped by Magnus Hellberg with a rebound.
16:08 of 2nd period - Snap shot by Chris Bigras.
16:08 of 2nd period - Stopped by Magnus Hellberg without a rebound.
16:09 of 2nd period - Louis Leblanc wins face-off versus Jordan Martinook in Moose zone.
16:16 of 2nd period - Snap shot by Louis Leblanc.
16:16 of 2nd period - Deflect By Christian Thomas.
16:16 of 2nd period - Stopped by Magnus Hellberg with a rebound.
16:18 of 2nd period - Snap shot by Christian Thomas.
16:18 of 2nd period - Stopped by Magnus Hellberg without a rebound.
16:19 of 2nd period - Louis Leblanc wins face-off versus Cedric Paquette in Moose zone.
16:22 of 2nd period - Snap shot by Daniel Zaar.
16:22 of 2nd period - Shot Misses the Net.
16:26 of 2nd period - Snap shot by Daniel Zaar.
16:26 of 2nd period - Shot Misses the Net.
16:28 of 2nd period - Backhand shot by Carl Gunnarsson.
16:28 of 2nd period - Stopped by Magnus Hellberg without a rebound.
16:29 of 2nd period - Tyler Bozak wins face-off versus Cedric Paquette in Moose zone.
16:32 of 2nd period - Slapshot by Eric Gustafsson.
16:32 of 2nd period - Deflect By Alex Tuch.
16:32 of 2nd period - Stopped by Magnus Hellberg with a rebound.
16:34 of 2nd period - Slapshot by Carl Gunnarsson.
16:34 of 2nd period - Stopped by Magnus Hellberg with a rebound.
16:36 of 2nd period - Slapshot by Eric Gustafsson.
16:36 of 2nd period - Shot Blocked by Mirco Mueller.
16:38 of 2nd period - Slapshot by Carl Gunnarsson.
16:38 of 2nd period - Shot Misses the Net.
16:40 of 2nd period - Snap shot by Alex Tuch.
16:40 of 2nd period - Deflect By Nail Yakupov.
16:40 of 2nd period - Goal by Nail Yakupov - Condors : 2 - Moose : 2.
16:41 of 2nd period - Tyler Bozak wins face-off versus Cedric Paquette in neutral zone.
16:52 of 2nd period - Wrist shot by Jordan Martinook.
16:52 of 2nd period - Shot Misses the Net.
16:54 of 2nd period - Snap shot by Cedric Paquette.
16:54 of 2nd period - Shot Misses the Net.
16:56 of 2nd period - Wrist shot by Mirco Mueller.
16:56 of 2nd period - Deflect By Tyler Bozak.
16:56 of 2nd period - Stopped by Ilya Samsonov without a rebound.
16:57 of 2nd period - Nikolaj Ehlers wins face-off versus Stephane Da Costa in Condors zone.
17:22 of 2nd period - Troy Stetcher is hit by Eric Gustafsson and loses puck.
17:47 of 2nd period - Snap shot by Daniel Zaar.
17:47 of 2nd period - Stopped by Magnus Hellberg with a rebound.
18:11 of 2nd period - Minor Penalty to Nicolas Petan for Tripping.
18:12 of 2nd period - Stephane Da Costa wins face-off versus Jordan Martinook in Moose zone.
18:22 of 2nd period - Wrist shot by Stephane Da Costa.
18:22 of 2nd period - Shot Blocked by Jordan Martinook.
18:24 of 2nd period - Slapshot by Carl Gunnarsson.
18:24 of 2nd period - Goal by Carl Gunnarsson - Condors : 3 - Moose : 2.
18:25 of 2nd period - Cedric Paquette wins face-off versus Tyler Bozak in neutral zone.
19:22 of 2nd period - Snap shot by Louis Leblanc.
19:22 of 2nd period - Shot Misses the Net.
19:40 of 2nd period - Snap shot by Adam Erne.
19:40 of 2nd period - Stopped by Magnus Hellberg with a rebound.
19:54 of 2nd period - Snap shot by Nail Yakupov.
19:54 of 2nd period - Shot Misses the Net.
19:56 of 2nd period - Slapshot by Brett Lernout.
19:56 of 2nd period - Deflect By Tyler Bozak.
19:56 of 2nd period - Goal by Tyler Bozak - Condors : 4 - Moose : 2.
19:57 of 2nd period - Jordan Martinook wins face-off versus Tyler Bozak in neutral zone.
Goals for this period are 4 for Condors vs 0 for Moose.
Shots for this period are 18 for Condors vs 6 for Moose.
3rd period
0:01 of 3rd period - Cedric Paquette wins face-off versus Tyler Bozak in neutral zone.
0:26 of 3rd period - Alex Tuch is hit by Frank Vatrano.
1:04 of 3rd period - Snap shot by Nail Yakupov.
1:04 of 3rd period - Shot Misses the Net.
1:06 of 3rd period - Snap shot by Tyler Bozak.
1:06 of 3rd period - Deflect By Alex Tuch.
1:06 of 3rd period - Shot Misses the Net.
1:06 of 3rd period - Puck is out of play.
1:07 of 3rd period - Cedric Paquette wins face-off versus Stephane Da Costa in Moose zone.
1:07 of 3rd period - Cedric Paquette is hit by Chris Bigras.
1:51 of 3rd period - Minor Penalty to Mirco Mueller for Hooking.
1:52 of 3rd period - Stephane Da Costa wins face-off versus Jordan Martinook in Moose zone.
3:51 of 3rd period - Penalty to Mirco Mueller is over, Mirco Mueller is back on ice.
3:59 of 3rd period - Chris Bigras is hit by Josh Bailey and loses puck.
4:06 of 3rd period - Brett Lernout is hit by Frank Vatrano and loses puck.
4:19 of 3rd period - Adam Erne is hit by Frank Vatrano and loses puck.
4:34 of 3rd period - Louis Leblanc is hit by Frank Vatrano.
4:44 of 3rd period - Wrist shot by Adam Erne.
4:44 of 3rd period - Stopped by Magnus Hellberg without a rebound.
4:45 of 3rd period - Cedric Paquette wins face-off versus Stephane Da Costa in Moose zone.
5:17 of 3rd period - Wrist shot by Nikolay Goldobin.
5:17 of 3rd period - Shot Misses the Net.
5:43 of 3rd period - Carl Gunnarsson is hit by Vladislav Gavrikov and loses puck.
5:55 of 3rd period - Minor Penalty to Iiro Pakarinen for Hooking.
5:56 of 3rd period - Stephane Da Costa wins face-off versus Jordan Martinook in Moose zone.
6:22 of 3rd period - Troy Stetcher is hit by Anton Slepyshev and loses puck.
7:55 of 3rd period - Penalty to Iiro Pakarinen is over, Iiro Pakarinen is back on ice.
8:03 of 3rd period - Snap shot by Brendan Perlini.
8:03 of 3rd period - Shot Misses the Net.
8:50 of 3rd period - Minor Penalty to Nicolas Petan for Cross-checking.
8:51 of 3rd period - Jordan Martinook wins face-off versus Stephane Da Costa in Moose zone.
9:22 of 3rd period - Slapshot by Zac Leslie.
9:22 of 3rd period - Shot Misses the Net.
9:24 of 3rd period - Snap shot by Anton Slepyshev.
9:24 of 3rd period - Goal by Anton Slepyshev - Condors : 5 - Moose : 2.
9:25 of 3rd period - Cedric Paquette wins face-off versus Tyler Bozak in neutral zone.
9:38 of 3rd period - Slapshot by Iiro Pakarinen.
9:38 of 3rd period - Shot Misses the Net.
9:57 of 3rd period - Nikolaj Ehlers is hit by Chris Bigras and loses puck.
10:19 of 3rd period - Backhand shot by Ludwig Bystrom.
10:19 of 3rd period - Stopped by Ilya Samsonov with a rebound.
10:48 of 3rd period - Wrist shot by Nail Yakupov.
10:48 of 3rd period - Stopped by Magnus Hellberg with a rebound.
11:16 of 3rd period - Nikolaj Ehlers is hit by Kasperi Kapanen and loses puck.
11:27 of 3rd period - Nikolaj Ehlers is hit by Christian Thomas and loses puck.
11:36 of 3rd period - Snap shot by Josh Bailey.
11:36 of 3rd period - Stopped by Ilya Samsonov with a rebound.
12:09 of 3rd period - Wrist shot by Josh Bailey.
12:09 of 3rd period - Shot Misses the Net.
12:33 of 3rd period - Slapshot by Nicolas Petan.
12:33 of 3rd period - Shot Misses the Net.
12:51 of 3rd period - Connor Hurley is hit by Nikolaj Ehlers and loses puck.
13:10 of 3rd period - Wrist shot by Josh Bailey.
13:10 of 3rd period - Stopped by Ilya Samsonov with a rebound.
13:12 of 3rd period - Snap shot by Josh Bailey.
13:12 of 3rd period - Goal by Josh Bailey - Condors : 5 - Moose : 3.
13:13 of 3rd period - Cedric Paquette wins face-off versus Tyler Bozak in neutral zone.
14:05 of 3rd period - Wrist shot by Nikolay Goldobin.
14:05 of 3rd period - Stopped by Ilya Samsonov without a rebound.
14:06 of 3rd period - Mitchell Stephens wins face-off versus Tyler Bozak in Condors zone.
15:52 of 3rd period - Icing by Anton Slepyshev.
15:53 of 3rd period - Dominik Kahun wins face-off versus Stephane Da Costa in Condors zone.
16:10 of 3rd period - Vladislav Gavrikov is hit by Carl Gunnarsson and loses puck.
16:25 of 3rd period - Anton Slepyshev is hit by Vladislav Gavrikov.
16:39 of 3rd period - Wrist shot by Frank Vatrano.
16:39 of 3rd period - Shot Blocked by Stephane Da Costa.
17:07 of 3rd period - Snap shot by Nathan Walker.
17:07 of 3rd period - Stopped by Ilya Samsonov without a rebound.
17:08 of 3rd period - Cedric Paquette wins face-off versus Louis Leblanc in Condors zone.
17:23 of 3rd period - Snap shot by Louis Leblanc.
17:23 of 3rd period - Shot Blocked by Troy Stetcher.
17:54 of 3rd period - Zac Leslie is hit by Mitchell Stephens and loses puck.
18:24 of 3rd period - Nicolas Petan is hit by Daniel Zaar and loses puck.
19:07 of 3rd period - Wrist shot by Christian Thomas.
19:07 of 3rd period - Goal by Christian Thomas - Condors : 6 - Moose : 3.
19:08 of 3rd period - Stephane Da Costa wins face-off versus Cedric Paquette in neutral zone.
19:35 of 3rd period - Ludwig Bystrom is hit by Nail Yakupov and loses puck.
19:40 of 3rd period - Slapshot by Nail Yakupov.
19:40 of 3rd period - Shot Misses the Net.
19:42 of 3rd period - Slapshot by Tyler Bozak.
19:42 of 3rd period - Shot Misses the Net.
19:44 of 3rd period - Slapshot by Zac Leslie.
19:44 of 3rd period - Stopped by Magnus Hellberg without a rebound.
19:45 of 3rd period - Stephane Da Costa wins face-off versus Cedric Paquette in Moose zone.
19:50 of 3rd period - Snap shot by Kasperi Kapanen.
19:50 of 3rd period - Stopped by Magnus Hellberg with a rebound.
19:52 of 3rd period - Wrist shot by Kasperi Kapanen.
19:52 of 3rd period - Stopped by Magnus Hellberg without a rebound.
19:53 of 3rd period - Stephane Da Costa wins face-off versus Cedric Paquette in Moose zone.
Goals for this period are 2 for Condors vs 1 for Moose.
Shots for this period are 7 for Condors vs 6 for Moose.